 Dungeon Crawl Stone Soup version 0.30-a0-365-ge7f957f1db (webtiles) character file.

Game seed: 9026499548781512856

44842 Lobster4 the Warrior (level 14, -1/132 (137) HPs)
             Began as a Hill Orc Wanderer on Nov 16, 2022.
             Was a High Priest of Qazlal.
             Succumbed to a green death's bolt of poison
             ... on level 3 of the Abyss.
             The game lasted 01:01:44 (14081 turns).

Lobster4 the Warrior (Hill Orc Wanderer)           Turns: 14081, Time: 01:01:45

HP:   -1/132 (137)  AC: 32    Str: 22    XL:     14   Next: 30%
MP:   0/22          EV:  7    Int: 19    God:    Qazlal [*****.]
Gold: 767           SH: 12    Dex: 12    Spells: 13/13 levels left

rFire   . . .      SeeInvis +    a - +3 war axe (vorpal)
rCold   . . .      Faith    .    e - +0 buckler {AC+3}
rNeg    . . .      Spirit   +    R - +2 plate armour {rPois}
rPois   +          Reflect  .    H - +1 helmet {SInv}
rElec   +          Harm     .    T - +1 cloak
rCorr   +          Rampage  .    G - +1 pair of gloves of Failure {Str+2 Int+9}
Will    +....                    i - +1 pair of boots
Stlth   ..........               j - amulet of guardian spirit
HPRegen 0.42/turn                d - ring of resist corrosion
MPRegen 0.18/turn                S - ring of poison resistance

@: lethally poisoned (-1 -> -16), protected from electricity, studying Fighting,
lightly drained, repel missiles
A: hooves 1, shaggy fur 1
a: Renounce Religion, Upheaval, Elemental Force, Disaster Area


You were on level 3 of the Abyss.
You worshipped Qazlal.
Qazlal was extremely pleased with you.
You visited 1 branch of the dungeon, and saw 12 of its levels.
You visited the Abyss 1 time.
You also visited: Ossuary, Bailey and Gauntlet.

You collected 1007 gold pieces.
You spent 240 gold pieces at shops.

Inventory:

Hand Weapons
 a - a +3 vorpal war axe (weapon)
 b - a +0 sling
 y - a +0 broad axe
 Z - a +2 flail of protection
Missiles
 r - 6 silver javelins
 u - 4 curare-tipped darts
 C - 5 atropa-tipped darts
 D - 31 poisoned darts (quivered)
 P - 3 boomerangs of dispersal
 V - 28 silver boomerangs
Armour
 e - a +0 buckler of protection (worn)
 g - a +2 robe of cold resistance
 i - a +1 pair of boots (worn)
 G - the +1 pair of gloves of Failure (worn) {Str+2 Int+9}
   (You found it in a Gauntlet)

   Str:       It affects your strength (+2).
   Int:       It affects your intelligence (+9).
 H - a +1 helmet of see invisible (worn)
 R - a +2 plate armour of poison resistance (worn)
 T - a +1 cloak (worn)
 W - a +1 robe of willpower
 Y - the +4 leather armour of Heysox {rElec Regen+ Dex-5 Stlth+}
   (You found it in a Gauntlet)

   Dex:       It affects your dexterity (-5).
   rElec:     It insulates you from electricity.
   Regen:     It increases your rate of health regeneration.
   Stlth:     It makes you more stealthy.
Magical Staves
 k - a staff of cold
 l - a staff of poison
Jewellery
 d - a ring of resist corrosion (left hand)
 j - an amulet of guardian spirit (around neck)
 n - a ring of fire
 S - a ring of poison resistance (right hand)
Wands
 c - a wand of mindburst (8)
 o - a wand of paralysis (11)
 p - a wand of flame (2)
 B - a wand of polymorph (13)
 L - a wand of iceblast (4)
Scrolls
 t - a scroll of enchant weapon
 v - 6 scrolls of teleportation
 E - a scroll of enchant armour
 K - 2 scrolls of identify
 X - a scroll of poison
Potions
 m - 2 potions of flight
 q - 3 potions of haste
 s - 2 potions of lignification
 A - 5 potions of curing
 F - 2 potions of heal wounds
 I - 2 potions of magic
 N - 3 potions of cancellation
 Q - a potion of brilliance


   Skills:
 + Level 16.0 Fighting
 + Level 10.5(11.5) Axes
 - Level 5.9(8.2) Maces & Flails
 - Level 3.0 Throwing
 + Level 12.8 Armour
 - Level 2.0 Dodging
 + Level 6.2 Shields
 - Level 1.1 Unarmed Combat
 + Level 11.5 Invocations
 - Level 3.0 Evocations


You had 13 spell levels left.
You didn't know any spells.
Your spell library contained the following spells:

 Spells                   Type           Power      Damage    Failure   Level
 Beastly Appendage        Tmut           0%         N/A       96%         1
 Sandblast                Erth           0%         2d4       96%         1
 Sting                    Tmut/Pois      0%         1d3       96%         1
 Ensorcelled Hibernation  Hex/Ice        0%         N/A       99%         2
 Passwall                 Tmut/Erth      0%         N/A       99%         2
 Sublimation of Blood     Necr           0%         N/A       99%         2
 Wereblood                Tmut           0%         N/A       99%         2
 Dazzling Flash           Conj/Hex       0%         N/A       100%        3
 Ozocubu's Armour         Ice            0%         N/A       100%        3
 Spider Form              Tmut/Pois      0%         N/A       100%        3
 Stone Arrow              Conj/Erth      0%         3d7       100%        3
 Anguish                  Hex/Necr       0%         N/A       100%        4
 Manifold Assault         Tloc           0%         N/A       100%        4
 Petrify                  Tmut/Erth      0%         N/A       100%        4
 Agony                    Necr           0%         N/A       100%        5
 Fireball                 Conj/Fire      0%         3d3       100%        5
 Irradiate                Conj/Tmut      0%         3d11      100%        5
 Iskenderun's Battlesphe  Conj           0%         2d6       100%        5
 Metabolic Englaciation   Hex/Ice        0%         N/A       100%        5
 Silence                  Hex/Air        0%         N/A       100%        5
 Conjure Ball Lightning   Conj/Air       0%         3x3d7     100%        6
 Dispersal                Tloc           0%         N/A       100%        6
 Simulacrum               Ice/Necr       0%         N/A       100%        6
 Orb of Destruction       Conj           0%         9d5       100%        7
 Borgnjor's Revivificati  Necr           0%         N/A       100%        8
 Disjunction              Tloc           0%         N/A       100%        8
 Necromutation            Tmut/Necr      0%         N/A       100%        8
 Death's Door             Necr           0%         N/A       100%        9


Dungeon Overview and Level Annotations

Branches:
Dungeon (12/15)            Temple (0/1) D:7            Lair (0/5) D:10
    Orc (0/2) D:12        Ossuary (visited)          Bailey (visited)
Gauntlet (visited)

Altars:
Cheibriados
Dithmenos
Fedhas
Gozag
Makhleb
Okawaru
Qazlal
Trog

Shops:
D:6 =   D:7 =

Portals:
Trove: D:10 (give 12 potions of heal wounds)

Annotations:
D:12 Erolcha


Innate Abilities, Weirdness & Mutations

You have large cloven feet.
You are covered in fur. (AC +1)


Message History

* * * LOW HITPOINT WARNING * * *
Okay, then.
As you read the scroll of fear, it crumbles to dust.
You assume a fearsome visage.
The cyan very ugly thing looks frightened!
The red very ugly thing looks frightened!
The brown very ugly thing looks frightened!
The green death resists with almost no effort.
You hear a horrible gurgling sound!
You slice the cyan very ugly thing!!
Your attack snaps the cyan very ugly thing out of its fear.
The cyan very ugly thing is moderately wounded.
You block the cyan very ugly thing's attack.
Cornered, the red very ugly thing turns to fight!
You slash the cyan very ugly thing!
The cyan very ugly thing is moderately wounded.
You slash the green death! The green death gestures at you.
The poison arrow misses you.
A cyan very ugly thing comes into view.
You block the cyan very ugly thing's attack.
You barely miss the cyan very ugly thing.
The cyan very ugly thing is moderately wounded.
You slash the green death! The green death gestures at you.
The bolt of poison hits you.
You are poisoned.
You resist.
* * * LOW HITPOINT WARNING * * *
The cyan very ugly thing punches you!
* * * LOW HITPOINT WARNING * * *
The cyan very ugly thing shocks you. You resist.
You feel more protected from electricity.
* * * LOW HITPOINT WARNING * * *
Unknown command.
You slash the green death!
You kill the green death!
Qazlal accepts your kill.
You closely miss the cyan very ugly thing.
You die...

## #. ##.
....#. ##
...u..##.#
......○°##
. . ##uu@#
.. #u###
#.. # .# #
....u . #
. .. ..


You could see 4 very ugly things.

Vanquished Creatures
  A tentacled starspawn (Abyss:2)
  Frances (D:12)
  An orc warlord (Bailey)
  A quicksilver ooze (Gauntlet)
  A minotaur (Gauntlet)
  A green death (Abyss:3)
  2 two-headed ogres
  Amaemon (D:9)
  2 ugly things
  A manticore (D:12)
  An orange demon (D:10)
  2 gargoyles
  A large abomination (Abyss:2)
  2 unseen horrors
  Maggie (D:10)
  A troll (D:9)
  A guardian mummy (D:10)
  A hornet (D:8)
  2 raiju (Gauntlet)
  2 shadows
  12 yaks (D:11)
  5 wyverns
  Grum (D:11)
  A steam dragon (D:6)
  Edmund (D:6)
  A water moccasin (D:7)
  Duvessa (D:6)
  An acid dragon (D:11)
  2 ice beasts (D:7)
  A swamp drake (D:10)
  2 black bears
  13 orc warriors (Bailey)
  2 sky beasts
  3 wolves (D:11)
  2 centaurs
  3 ogres
  A phantom (D:6)
  2 elf zombies (Ossuary)
  6 kobold brigands
  3 bullfrogs
  A gnoll sergeant (D:9)
  3 scorpions
  18 wights
  Dowan (D:6)
  A small abomination (Abyss:2)
  8 killer bees
  3 electric eels
  4 jellies
  6 centaur zombies (Ossuary)
  3 hounds
  4 human zombies (Ossuary)
  2 orc priests
  4 iguanas
  7 orc wizards
  A lightning spire (Gauntlet)
  3 mummies (Ossuary)
  11 gnolls
  5 adders
  A shadow imp (D:6)
  A white imp (Abyss:2)
  3 ufetubi
  3 dart slugs
  39 orcs
  11 endoplasms
  5 giant cockroaches
  28 goblins
  9 hobgoblins
  4 jackals (D:1)
  19 kobolds
  5 quokkas
  8 ball pythons
  5 bats
  4 frilled lizards
  8 rats
  A starspawn tentacle (Abyss:2)
328 creatures vanquished.

Vanquished Creatures (collateral kills)
  An orc warrior (Bailey)
  A gnoll (Bailey)
  A hobgoblin (Bailey)
3 creatures vanquished.

Vanquished Creatures (others)
  5 fungi (Gauntlet)
  9 plants (Gauntlet)
  2 starspawn tentacles (Abyss:2)
16 creatures vanquished.

Grand Total: 347 creatures vanquished

Notes
Turn   | Place    | Note
-------+----------+-------------------------------------------
     0 | D:1      | Lobster4 the Hill Orc Wanderer began the quest for the Orb.
     0 | D:1      | Lobster4 set off with the following items: a +0 club, a
                  | scroll of teleportation, a +0 scale mail, a scroll of
                  | summoning, a +0 buckler of protection.
     0 | D:1      | Reached XP level 1. HP: 16/16 MP: 1/1
   120 | D:1      | Reached XP level 2. HP: 15/23 MP: 2/2
   329 | D:1      | Reached XP level 3. HP: 29/29 MP: 3/3
   432 | D:1      | Reached skill level 1 in Maces & Flails
   445 | D:1      | Reached skill level 2 in Fighting
  1388 | D:2      | Reached XP level 4. HP: 34/36 MP: 4/4
  1499 | D:2      | Found a stormy altar of Qazlal.
  1529 | D:2      | Became a worshipper of Qazlal Stormbringer
  2272 | D:3      | Noticed an ogre
  2523 | D:3      | Killed an ogre
  2524 | D:3      | Reached XP level 5. HP: 42/42 MP: 6/6
  2535 | D:3      | Reached * piety under Qazlal
  2685 | D:4      | Reached skill level 1 in Evocations
  2713 | D:4      | Reached skill level 3 in Fighting
  2713 | D:4      | Reached skill level 1 in Throwing
  2713 | D:4      | Reached XP level 6. HP: 44/51 MP: 7/7
  3482 | D:4      | Reached XP level 7. HP: 45/57 MP: 9/9
  3603 | D:5      | Entered Level 5 of the Dungeon
  3769 | D:5      | Found a sand-covered staircase.
  3774 | Ossuary  | Entered an ossuary
  3913 | Ossuary  | Reached skill level 4 in Fighting
  3931 | Ossuary  | Reached skill level 5 in Armour
  3931 | Ossuary  | Reached skill level 5 in Shields
  4270 | Ossuary  | Reached ** piety under Qazlal
  4272 | Ossuary  | Reached XP level 8. HP: 66/67 MP: 10/10
  4306 | Ossuary  | Reached skill level 5 in Fighting
  4492 | D:5      | Found an iron altar of Okawaru.
  4746 | D:5      | Found a bloodstained altar of Trog.
  4748 | D:5      | Found a blossoming altar of Fedhas.
  4751 | D:5      | Found an opulent altar of Gozag.
  5344 | D:6      | Found Toon's Jewellery Emporium.
  5435 | D:6      | Reached skill level 6 in Fighting
  5441 | D:6      | Noticed Duvessa
  5448 | D:6      | Noticed Dowan
  5457 | D:6      | Killed Duvessa
  5481 | D:6      | Killed Dowan
  5571 | D:6      | Reached skill level 5 in Invocations
  5571 | D:6      | Reached XP level 9. HP: 56/78 MP: 12/12
  5578 | D:6      | Reached skill level 7 in Fighting
  5928 | D:6      | Noticed Edmund
  5942 | D:6      | Killed Edmund
  6241 | D:6      | Reached skill level 8 in Fighting
  6569 | D:7      | Found Icury's Jewellery Emporium.
  6589 | D:7      | Reached skill level 9 in Fighting
  6752 | D:7      | Reached *** piety under Qazlal
  7223 | D:7      | Reached skill level 5 in Maces & Flails
  7343 | D:7      | Found a staircase to the Ecumenical Temple.
  7586 | D:8      | Found a snail-covered altar of Cheibriados.
  7909 | D:8      | Identified the +0 leather armour "Kahopn Yder" {*Slow
                  | Regen+ Slay+6}
  7920 | D:8      | Reached XP level 10. HP: 93/93 MP: 14/14
  7924 | D:8      | Reached skill level 10 in Fighting
  8060 | D:8      | Reached skill level 1 in Axes
  9020 | D:9      | Found a flagged portal.
  9034 | Bailey   | Entered a bailey
  9235 | Bailey   | Reached **** piety under Qazlal
  9412 | Bailey   | Noticed an orc warlord
  9427 | Bailey   | Killed an orc warlord
  9428 | Bailey   | Reached skill level 11 in Fighting
  9434 | Bailey   | Reached skill level 5 in Axes
  9462 | Bailey   | Reached XP level 11. HP: 31/102 MP: 8/15
 10077 | D:9      | Found a burning altar of Makhleb.
 10117 | D:9      | Found a shadowy altar of Dithmenos.
 10678 | D:10     | Entered Level 10 of the Dungeon
 10754 | D:10     | Noticed Maggie
 10770 | D:10     | Noticed Amaemon
 10870 | D:7      | Bought a ring of poison resistance for 240 gold pieces
 10946 | D:10     | Killed Maggie
 10947 | D:10     | Reached skill level 12 in Fighting
 11073 | D:9      | Killed Amaemon
 11424 | D:10     | Found a staircase to the Lair.
 11451 | D:10     | Reached ***** piety under Qazlal
 11452 | D:10     | Reached skill level 10 in Armour
 11691 | D:10     | Found a portal to a secret trove of treasure.
 11917 | D:10     | Reached skill level 13 in Fighting
 11917 | D:10     | Reached XP level 12. HP: 116/116 MP: 16/18
 12102 | D:11     | Reached skill level 14 in Fighting
 12203 | D:11     | Noticed a two-headed ogre
 12221 | D:11     | Killed a two-headed ogre
 12222 | D:11     | Reached skill level 10 in Invocations
 12539 | D:11     | Noticed Grum
 12549 | D:11     | Killed Grum
 12744 | D:12     | Reached XP level 13. HP: 125/125 MP: 20/20
 12750 | D:12     | Noticed Frances
 12764 | D:12     | Killed Frances
 12800 | D:12     | Found a gate leading to a gauntlet.
 12825 | D:12     | Reached skill level 15 in Fighting
 12837 | Gauntlet | Entered a Gauntlet
 12837 | Gauntlet | Found a transporter.
 12876 | Gauntlet | a polar bear changed into an entropy weaver
 12876 | Gauntlet | Noticed an entropy weaver (shapeshifter)
 12878 | Gauntlet | Found a transporter.
 12881 | Gauntlet | Found a transporter.
 12885 | Gauntlet | Found a transporter.
 12886 | Gauntlet | Found a transporter.
 12886 | Gauntlet | Found a transporter.
 12889 | Gauntlet | Noticed an entropy weaver
 12890 | Gauntlet | Found a runed translucent door.
 12892 | Gauntlet | Found a runed translucent door.
 12894 | Gauntlet | Found a transporter.
 12897 | Gauntlet | Found a transporter.
 12923 | Gauntlet | Found a transporter.
 12923 | Gauntlet | Found a transporter.
 12923 | Gauntlet | Noticed a quicksilver ooze
 12931 | Gauntlet | Found a transporter.
 12972 | Gauntlet | Found a transporter.
 13103 | Gauntlet | Reached skill level 10 in Axes
 13103 | Gauntlet | Reached XP level 14. HP: 136/136 MP: 20/22
 13111 | Gauntlet | Killed a quicksilver ooze
 13114 | Gauntlet | Identified the +1 pair of gloves of Failure {Str+2 Int+9}
 13179 | Gauntlet | Gained mutation: You are covered in fur. (AC +1) [potion of
                  | mutation]
 13179 | Gauntlet | Gained mutation: You have large cloven feet. [potion of
                  | mutation]
 13467 | Gauntlet | Identified the +4 leather armour of Heysox {rElec Regen+
                  | Dex-5 Stlth+}
 13468 | Gauntlet | Got the Precepts of Mutagenic Hexing
 13794 | D:12     | Noticed Erolcha
 13831 | Abyss:2  | Cast into level 2 of the Abyss (Erolcha)
 13999 | Abyss:2  | Noticed a dread lich
 14001 | Abyss:2  | Paralysed by a dread lich for 2 turns
 14005 | Abyss:2  | Paralysed by a dread lich for 2 turns
 14009 | Abyss:2  | Noticed a tentacled starspawn
 14011 | Abyss:2  | Paralysed by a dread lich for 4 turns
 14013 | Abyss:2  | Noticed a lorocyproca
 14017 | Abyss:2  | Killed a tentacled starspawn
 14018 | Abyss:2  | Reached skill level 16 in Fighting
 14019 | Abyss:2  | Paralysed by something for 5 turns
 14034 | Abyss:2  | Noticed a cacodemon
 14037 | Abyss:2  | Noticed a lorocyproca
 14057 | Abyss:3  | Noticed a cyan very ugly thing
 14066 | Abyss:3  | Noticed a cyan very ugly thing
 14068 | Abyss:3  | Noticed a cyan very ugly thing
 14079 | Abyss:3  | Noticed a cyan very ugly thing
 14080 | Abyss:3  | HP: 2/132 [cyan very ugly thing (5)]
 14081 | Abyss:3  | Succumbed to a green death's bolt of poison

Illustrated notes

Levels and vault maps discovered:
D:1:      shiori_arrival_maze, layout_basic, serial_park_tiny_2
D:2:      layout_basic, basic_altar
D:3:      layout_loops_cross, minmay_ogre_servants
D:4:      layout_basic
D:5:      layout_cave_pods, okawaru_gym_becter, grunt_temple_overflow_open,
          enter_ossuary_5
D:6:      layout_loops_corners, nicolae_inconvenience_store,
          kennysheep_minor_cross, uniq_edmund, uniq_duvessa
D:7:      layout_basic, minmay_temple_entry_drinking_statues,
          nicolae_stop_n_shop_2
D:8:      layout_layer_cave, amcnicky_altar_gilded
D:9:      layout_basic, bloody_makhleb, nicolae_dithmenos_the_darkroom,
          enter_bailey_2, kennysheep_generic_room_16
D:10:     layout_cross, erik_lair_dragon, nicolae_trove_entry_path_of_doom,
          minmay_unpleasant_kobolds, uniq_maggie, uniq_amaemon
D:11:     layout_roguey, uniq_grum
D:12:     layout_long_grid, david_orc_4, gauntlet_entry_generic,
          minmay_crystal_water, uniq_erolcha, uniq_frances
Abyss:3:  base:
D:2

Skill      XL: |  1  2  3  4  5  6  7  8  9 10 11 12 13 14 |
---------------+-------------------------------------------+-----
Maces & Flails | 1 2 4 5 |  5.9
Fighting       | 2 3 4 6 9 11 13 14 15 16 | 16.0
Armour         | 4 5 6 7 8 11 12 | 12.8
Shields        | 4 5 6 |  6.2
Invocations    | 2 3 5 6 9 10 11 | 11.5
Evocations     | 1 2 3 |  3.0
Throwing       | 1 3 |  3.0
Dodging        | 2 |  2.0
Axes           | 5 8 10 | 10.5
Unarmed Combat | |  1.1

Action                   |  1- 3 |  4- 6 |  7- 9 | 10-12 | 13-15 || total
-------------------------+-------+-------+-------+-------+-------++-------
Melee: Mace              |   186 |   138 |       |       |       ||   324
       Club              |    10 |       |       |       |       ||    10
       Flail             |       |    37 |   417 |   295 |       ||   749
       Hand axe          |       |       |       |    86 |       ||    86
       Unarmed           |       |       |       |     7 |       ||     7
       War axe           |       |       |       |   130 |   100 ||   230
Throw: Dart              |       |    30 |    39 |    34 |     9 ||   112
       Boomerang         |       |       |       |    42 |       ||    42
Evoke: Wand              |       |     1 |    26 |    15 |     9 ||    51
  Use: Scroll            |       |       |    13 |    12 |     5 ||    30
       Potion            |       |       |     2 |     3 |    14 ||    19
 Stab: Paralysed         |       |     6 |     9 |       |       ||    15
       Invisible         |       |       |       |     1 |       ||     1
       Confused          |       |       |       |     2 |       ||     2
Armor: Scale mail        |   146 |     6 |       |       |       ||   152
       Chain mail        |       |   111 |   203 |       |       ||   314
       Plate armour      |       |       |   102 |   363 |    39 ||   504
       Skin              |       |       |       |       |    31 ||    31
Dodge: Dodged            |   116 |    55 |   136 |   148 |    14 ||   469
       Repelled          |       |       |       |     1 |     1 ||     2
Block: Buckler           |    56 |    41 |   174 |   331 |    39 ||   641
       Other             |       |       |       |     1 |       ||     1

Table legend: (Time is in decaauts)
 A = Elapsed time spent in this place.
 B = Non-inter-level travel time spent in this place.
 C = Inter-level travel time spent in this place.
 D = Time resting spent in this place.
 E = Time spent auto-exploring this place.
 F = Levels seen in this place.
 G = Mean time per level.
                   A        B        C        D        E       F      G
               +--------+--------+--------+--------+--------+-----+--------+
         Total |  14376 |  13650 |    726 |   1893 |   7852 |  17 |  845.6 |
       Dungeon |  12058 |  11332 |    726 |    976 |   7391 |  12 | 1004.8 |
         Abyss |    248 |    248 |      0 |    105 |     21 |   2 |  124.0 |
       Ossuary |    589 |    589 |      0 |    306 |     58 |   1 |  589.0 |
        Bailey |    773 |    773 |      0 |    171 |    181 |   1 |  773.0 |
      Gauntlet |    707 |    707 |      0 |    335 |    201 |   1 |  707.0 |
               +--------+--------+--------+--------+--------+-----+--------+

Top non-repeatable levels by time:
     D:8: 1446 daAuts
     D:6: 1430 daAuts
     D:9: 1241 daAuts
     D:5: 1166 daAuts
     D:1: 1155 daAuts
     D:4: 1085 daAuts
    D:10: 961 daAuts
     D:7: 874 daAuts
     D:2: 783 daAuts
    D:11: 782 daAuts
  Bailey: 773 daAuts
     D:3: 759 daAuts
Gauntlet: 707 daAuts
 Ossuary: 589 daAuts
    D:12: 370 daAuts
